Unix NetHack Version 5.0.0-0 post-release - last build Jun 10 2026 00:39:30 (3ee93aec679c4c4259841fe613dc97188e26a321,branch:main).

Game began 2026-05-29 09:33:36, ended 2026-06-17 07:38:02.

Jeroenix, chaotic male elven Ranger

   ---
  ....f
 |.....|
 |..s.i|
 |.@...|
 ------

Jeroenix the Reconnoiterer   St:25 Dx:13 Co:16 In:14 Wi:18 Ch:9  Chaotic
Dlvl:12 $:224 HP:0(75) Pw:79(79) AC:-2 Xp:10 T:12965  Burdened

Latest messages:
 The poison doesn't seem to affect you.
 In what direction? j
 The arrow hits the soldier ant.
 The soldier ant bites!
 The soldier ant misses!
 In what direction? j
 You kill the soldier ant!
 The large cat bites!
 In what direction? <enter>
 The arrow hits the large cat.
 The large cat bites!
 What do you want to throw? [$aACHLNO or ?*] *
 In what direction? j
 The large cat seems more amiable.
 Your large cat devours a food ration.
 The winter wolf breathes frost!
 The blast of frost whizzes by you!
 The blast of frost bounces!
 The blast of frost hits you!
 The cobra spits venom!
 A splash of venom misses you.
 In what direction? l
 You shoot 2 arrows.
 The 1st arrow hits the cobra!
 The 2nd arrow hits the cobra.
 The soldier picks up a tin.
 The winter wolf breathes frost!
 The blast of frost hits you!
 Some of your potions called water freeze and shatter!
 The blast of frost bounces!
 The blast of frost whizzes by you!
 The blast of frost hits the winter wolf.
 The cobra spits venom!
 A splash of venom misses you.
 Click!  The lizard triggers a rolling boulder trap.
 The boulder misses the cave spider.
 The boulder hits the lizard.
 The boulder hits the large cat!
 You can't go up here.
 You fall down the stairs.
 Elf, your life force is running out.
 What do you want to use or apply? [bd-fk-mstv-xGIMX or ?*] ?
 Your lantern is now on.
 The giant spider bites!
 The large cat bites the giant spider.
 The giant spider bites the large cat.
 The large cat is caught in a spider web.
 The giant spider bites!
 You die...
 Do you want your possessions identified? [ynq] (y) q

Inventory:
 Coins    ('$')
  $ - 224 gold pieces
 Amulets  ('"')
  R - an uncursed amulet of magical breathing
 Weapons  (')')
  N - 12 blessed +1 arrows
  L - a +2 elven arrow
  A - 3 poisoned +0 arrows
  H - 19 poisoned +0 orcish arrows
  O - 8 +0 ya
  c - a +1 elven bow (weapon in right hand)
  a - a +1 elven dagger
 Armor    ('[')
  J - an uncursed very rusty +0 pair of gauntlets of power (being worn)
  z - an uncursed +0 pair of elven boots (being worn)
  o - a blessed +5 elven cloak (being worn)
  P - an uncursed +0 mummy wrapping
  V - an uncursed +0 elven mithril-coat (being worn)
 Comestibles  ('%')
  i - 3 uncursed food rations
  n - 2 uncursed lizard corpses
 Scrolls  ('?')
  E - an uncursed scroll of amnesia
  D - a cursed scroll of earth
  r - an uncursed scroll of light
  Y - an uncursed scroll of scare monster
 Potions  ('!')
  p - an uncursed potion of blindness
  S - an uncursed potion of polymorph
  Q - a cursed potion of speed
  u - an uncursed potion of water
  K - 3 uncursed potions of water
 Rings    ('=')
  h - an uncursed ring of protection from shape changers
  q - an uncursed ring of regeneration
  F - an uncursed ring of regeneration
  U - an uncursed ring of regeneration
 Wands    ('/')
  I - a wand of lightning (0:3)
  f - a wand of magic missile (0:5)
  G - a cursed wand of magic missile (0:2)
  s - a wand of opening (0:5)
  M - a wand of probing (0:7)
  x - a wand of striking (0:0)
 Tools    ('(')
  t - an uncursed sack containing 35 items
  X - an uncursed wooden flute
  b - an uncursed blindfold
  d - an uncursed blindfold
  m - a blessed brass lantern (lit)
  k - an uncursed lock pick
  w - an uncursed magic whistle
  e - an uncursed tin opener
  v - a tinning kit (0:63)
  l - a +0 unicorn horn
 Gems/Stones  ('*')
  y - an uncursed amethyst stone
  W - a blessed luckstone

Contents of the sack:
  491 gold pieces
  14 +0 daggers
  an uncursed +0 cloak of invisibility
  an uncursed food ration
  2 uncursed tins of spinach
  an uncursed tin of glass piercer meat
  an uncursed tin of stalker meat
  a cursed scroll of create monster
  an uncursed scroll of light
  2 uncursed scrolls of remove curse
  an uncursed scroll of teleportation
  a cursed potion of object detection
  an uncursed potion of sleeping
  an uncursed potion of water
  an uncursed +1 ring of increase damage
  a cursed ring of polymorph control
  a wand of create monster (0:14)
  a wand of magic missile (0:6)
  a cursed wand of magic missile (0:3)
  a drum of earthquake (0:5)
  7 cursed wax candles
  an uncursed magic lamp
  a +0 pick-axe
  10 uncursed tallow candles
  6 blessed tallow candles
  an uncursed black opal
  4 uncursed emeralds
  2 uncursed rubies
  3 uncursed diamonds
  8 uncursed worthless pieces of white glass
  an uncursed amber stone
  2 uncursed amethyst stones
  a cursed obsidian stone
  2 uncursed opals
  a cursed touchstone

Jeroenix the Ranger's attributes:

Background:
 You were a Reconnoiterer, a level 10 male elven Ranger.
 You were chaotic, on a mission for Mars
 who was opposed by Mercury (lawful) and Venus (neutral).
 You were right-handed.
 You were in the Dungeons of Doom, on level 12.
 You entered the dungeon 12965 turns ago.
 There was a new moon in effect when your adventure ended.
 You had 6029 experience points, 3971 more were needed to attain level 11.

Basics:
 You had 0 out of 75 hit points.
 You had all 79 energy points (spell power).
 Your armor class was -2.
 Your wallet contained 224 zorkmids, and
 you had 491 more stashed away in your pack.
 Autopickup was on for '$' plus thrown.

Final Characteristics:
 Your strength was 25 (base:12, peak:15, innate limit:18).
 Your dexterity was 13 (limit:18).
 Your constitution was 16 (limit:16).
 Your intelligence was 14 (limit:20).
 Your wisdom was 18 (limit:20).
 Your charisma was 9 (limit:18).

Final Status:
 You weren't hungry.
 You were burdened; movement was slightly slowed.
 You were wielding a bow.
 You were skilled in bow.

Final Attributes:
 You were piously aligned.
 You were sleep resistant.
 You were poison resistant.
 You were telepathic.
 You had automatic searching.
 You had infravision.
 You were stealthy.
 You were guarded.
 You were very lucky.
 You had extra luck.
 Good luck did not time out for you.
 You are dead.

Miscellaneous:
 You encountered 2 bones levels.
 Total elapsed playing time was 6 hours, 7 minutes and 45 seconds.

Major events:
 Turn
    1: Jeroenix the chaotic male elven Ranger entered the dungeon
  785: attained the rank of Lookout (level 3)
 3073: entered the Gnomish Mines
 3086: attained the rank of Trailblazer (level 6)
 4283: reached Mine Town
 7911: acquired the Mines' End luckstone
11772: attained the rank of Reconnoiterer (level 10)
12915: entered the Bigroom
12965: killed by a giant spider

You didn't know any spells.

Skills:
 Fighting Skills
   bare handed combat [Unskilled]
   riding             [Unskilled]
 Weapon Skills
   dagger             [Expert]
   knife              [Unskilled]
   axe                [Unskilled]
   pick-axe           [Unskilled]
   short sword        [Unskilled]
   morning star       [Unskilled]
   flail              [Unskilled]
   hammer             [Unskilled]
   quarterstaff       [Unskilled]
   polearms           [Unskilled]
   spear              [Unskilled]
   trident            [Unskilled]
   bow                [Skilled]
   sling              [Unskilled]
   crossbow           [Unskilled]
   dart               [Unskilled]
   shuriken           [Unskilled]
   boomerang          [Unskilled]
   whip               [Unskilled]
 Spellcasting Skills
   healing spells     [Unskilled]
   divination spells  [Unskilled]
   escape spells      [Unskilled]

Voluntary challenges:
 Character rerolling was not enabled.
 You never genocided any monsters.
 You never polymorphed an object.
 You never changed form.
 You used no wishes.
Achievements:
 You attained the rank of Lookout.
 You entered a shop.
 You entered the Gnomish Mines.
 You attained the rank of Trailblazer.
 You entered Minetown.
 You entered a temple.
 You completed the Gnomish Mines.
 You attained the rank of Reconnoiterer.
 You entered the Big Room.

 The Dungeons of Doom: levels 1 to 12
    Level 1:
       Some fountains.
    Level 2:
       Some fountains, a sink.
    Level 3:
       An armor shop, some fountains.
       Stairs down to The Gnomish Mines.
    Level 4:
       A grave.
    Level 5:
       A scroll shop, a fountain.
    Level 6:
       A grave.
    Level 7:
       A general store.
    Level 8:
       A general store, a fountain, a sink.
    Level 9:
       Many fountains.
    Level 10:
       A fountain, a grave.
    Level 11:
       Many trees.
       A very big room.
    Level 12: <- You were here.
       Final resting place for
          you, killed by a giant spider.
 The Gnomish Mines: levels 4 to 12
    Level 4:
    Level 5:
    Level 6:
       Many shops, a temple and an altar to Mars, some fountains, a sink, a grave.
       Final resting place for
          LDaviesPeters-Arc-Hum-Fem-Neu, killed by a Woodland-elf.
    Level 7:
    Level 8:
    Level 9:
       Final resting place for
          Brudee-Rog-Hum-Fem-Cha, petrified by a chickatrice corpse.
    Level 10:
    Level 11:
    Level 12:


Vanquished creatures:
  a ghost
  a large mimic
  2 stalkers
  9 small mimics
  a xan
  a troll
  a gelatinous cube
  a large dog
  a large cat
  3 tigers
  a tengu
 an ochre jelly
  a stone giant
 an elf mummy
  a python
  a carnivorous ape
  2 ettin zombies
  a leather golem
  a watchman
 an amorous demon
  a chameleon
  2 giant beetles
  4 quivering blobs
  a panther
  a spotted jelly
  4 leprechauns
  a mumak
  2 giant spiders
 an ice vortex
  2 black lights
  3 vampire bats
  2 gnome rulers
 an orc mummy
  2 rust monsters
 an owlbear
  a yeti
  3 lizards
  a dog
  a housecat
  a dwarf leader
  2 gray unicorns
  2 dust vortices
  a human zombie
  a rope golem
  a Woodland-elf
  a soldier ant
  a fire ant
  3 wood nymphs
  2 Mordor orcs
  2 Uruk-hai
  3 rock piercers
  2 rock moles
  2 fog clouds
  5 yellow lights
  a shrieker
  a violet fungus
 12 gnome leaders
  8 gnomish wizards
  2 kobold mummies
  a black naga hatchling
  a gray ooze
 an elf zombie
  7 giant ants
  a little dog
  4 floating eyes
  2 kittens
 18 dwarves
  2 homunculi
  2 kobold leaders
  2 kobold shamans
  2 hill orcs
  7 rothes
  3 rabid rats
  5 giant bats
  4 monkeys
  7 orc zombies
  a wererat
  a werejackal
  7 iguanas
  9 killer bees
  8 coyotes
  2 gas spores
  6 hobbits
 14 manes
  a large kobold
  2 hobgoblins
  3 giant rats
 10 cave spiders
  a brown mold
  a yellow mold
  a green mold
  2 red molds
 63 gnomes
  4 garter snakes
  4 gnome zombies
  9 geckos
  6 jackals
  2 foxes
  2 kobolds
  5 goblins
  a sewer rat
 10 grid bugs
  5 bats
  6 lichens
  2 kobold zombies
  7 newts
383 creatures vanquished.

No species were genocided or became extinct.

Game over:
                       ----------
                      /          \
                     /    REST    \
                    /      IN      \
                   /     PEACE      \
                  /                  \
                  |     Jeroenix     |
                  |      715 Au      |
                  |   killed by a    |
                  |   giant spider   |
                  |                  |
                  |                  |
                  |       2026       |
                 *|     *  *  *      | *
        _________)/\\_//(\/(/\)/\//\/|_)_______

Goodbye Jeroenix the Ranger...

You died in The Dungeons of Doom on dungeon level 12 with 25430 points,
and 715 pieces of gold, after 12965 moves.
You were level 10 with a maximum of 75 hit points when you died.

